Map: King Sejong Station LE

Players

Wardi - Winner!

  • Race: Terran Terran

A.I. 2 (Very Easy)

  • Race: Terran Terran

VOD

Have the link to the VOD?

Description

Time

  • Played on: May 31, 2016, 10:18 a.m.
  • Length: 13:23
Show
View Real Time Build Order
Export as new Build Order

Wardi Terran - Winner!

Build Orders: MMM Bio 

Get SALT Encoding   

  12  0:01  SCV  
  13  0:13  SCV  
  14  0:17  Supply Depot  
  14  0:25  SCV  
  15  0:39  SCV  
  15  0:42  Barracks  
  16  0:45  Refinery  
  16  0:52  SCV  
  17  1:04  SCV  
  18  1:16  SCV  
  19  1:29  Barracks Reactor  
  19  1:30  Orbital Command  
  19  1:44  Command Center  
  19  1:55  Supply Depot  
  19  1:56  SCV  
  19  2:07  Marine x2  
  22  2:08  SCV  
  22  2:15  Barracks  
  22  2:21  SCV  
  23  2:27  Barracks  
  23  2:31  Marine  
  23  2:33  Marine  
  23  2:35  SCV  
  26  2:48  SCV  
  26  2:49  Marine  
  28  2:51  Marine  
  28  2:56  Orbital Command  
  29  3:01  SCV  
  29  3:02  Barracks Tech Lab  
  30  3:09  Marine x2  
  32  3:13  SCV  
  32  3:17  Barracks Reactor  
  33  3:21  Stimpack, Marine  
  33  3:22  SCV  
  35  3:27  Marine x2  
  35  3:28  SCV  
  35  3:32  Factory  
  38  3:38  Refinery  
  38  3:40  Engineering Bay  
  38  3:41  SCV  
  38  3:43  SCV  
  40  3:48  Marine x3  
  40  3:54  SCV  
  40  3:55  SCV  
  45  4:01  Supply Depot  
  45  4:03  Supply Depot  
  45  4:09  Terran Infantry Weapons Level 1  
  45  4:11  SCV  
  45  4:17  Starport  
  46  4:22  Factory Reactor  
  46  4:23  Marine, SCV  
  46  4:24  Marine x4  
  49  4:30  SCV  
  53  4:35  Supply Depot, SCV  
  54  4:42  Marine x5, SCV  
  60  4:47  SCV  
  60  4:52  Supply Depot  
  61  5:02  Marine x4, SCV x2  
  61  5:04  Factory Tech Lab  
  61  5:06  Medivac  
  69  5:07  Supply Depot  
  69  5:11  Medivac  
  71  5:18  Command Center  
  71  5:23  Refinery  
  71  5:24  Refinery, Marine  
  71  5:27  Combat Shields  
  72  5:37  Marine x4  
  76  5:48  SCV x2  
  76  5:49  Marine  
  79  5:50  Siege Tank  
  79  5:54  Marine  
  79  5:56  Supply Depot  
  83  5:58  Supply Depot  
  83  6:03  Terran Infantry Armor Level 1  
  83  6:09  Barracks  
  83  6:11  Barracks  
  82  6:20  Marine x5  
  82  6:21  SCV  
  88  6:36  Medivac x2  
  88  6:37  SCV x2  
  88  6:39  Siege Tank  
  97  6:40  Marine x2  
  99  7:15  Orbital Command, SCV x2  
  101  7:18  Engineering Bay  
  101  7:19  Armory  
  101  9:42  Barracks Reactor  
  101  9:43  Barracks Reactor  
  101  9:44  Marine x5  
  101  9:45  Siege Tank, Medivac x2  
  113  9:57  Factory  
  113  9:58  Terran Infantry Weapons Level 2  
  113  9:59  Terran Infantry Armor Level 2  
  113  10:02  Marine  
  113  10:03  Terran Vehicle Weapons Level 1  
  114  10:11  Marine x4  
  118  10:15  Medivac  
  118  10:16  Supply Depot  
  118  10:17  Supply Depot  
  118  10:18  Supply Depot  
  118  10:19  Marine  
  121  10:21  Marine x3  
  121  10:22  Marine  
  125  10:37  Marine x5  
  125  10:38  Siege Tank, Medivac  
  125  10:39  Marine x3  
  138  10:55  Marine x4  
  142  11:08  Factory Tech Lab  
  142  11:11  Siege Tank  
  145  11:12  Marine x3  
  145  11:14  Factory Tech Lab, Marine  
  149  11:22  Command Center, Barracks  
  149  11:23  Barracks  
  149  11:24  Barracks  
  149  11:25  Starport  
  149  12:13  Barracks Tech Lab x3  
  149  12:31  Marine x2  
  149  12:33  Siege Tank x2, Medivac x2, Marine x5  
Show
View Real Time Build Order
Export as new Build Order

A.I. 2 (Very Easy) Terran 

Build Orders: Reaper Expand 

Get SALT Encoding   

  12  0:00  SCV  
  13  0:13  SCV  
  14  0:19  Supply Depot  
  14  0:43  Barracks  
  14  1:04  Command Center  
  14  1:31  Supply Depot, Orbital Command  
  14  1:32  Marine  
  15  1:37  Refinery  
  15  1:49  Refinery  
  15  1:56  SCV  
  16  2:09  SCV  
  17  2:17  Reaper  
  17  2:21  SCV  
  17  2:22  SCV  
  20  2:33  SCV  
  20  2:37  SCV  
  22  2:45  SCV  
  22  2:51  Refinery, SCV  
  24  2:58  SCV  
  25  2:59  Marine  
  25  3:05  SCV  
  28  3:12  SCV  
  28  3:20  Factory, SCV  
  29  3:41  Marine  
  29  3:42  Refinery  
  29  3:43  SCV  
  31  3:50  SCV  
  32  3:56  Supply Depot  
  32  3:58  SCV  
  33  4:05  SCV  
  33  4:07  Starport  
  34  4:12  SCV  
  35  4:19  SCV  
  37  4:24  Reaper  
  37  4:26  SCV  
  38  4:34  SCV  
  38  4:36  Supply Depot  
  39  4:41  SCV  
  39  4:43  Starport Tech Lab  
  40  4:48  SCV  
  41  4:55  SCV  
  42  5:02  SCV  
  42  5:03  Raven  
  42  5:06  Marine  
  46  5:09  SCV  
  47  5:16  SCV  
  48  5:46  Raven  
  48  5:48  Marine  
  51  6:07  Barracks Tech Lab  
  51  6:17  Supply Depot, Hellion, SCV  
  31  6:32  SCV  
  29  6:44  SCV  
  29  6:45  Marine  
  29  6:46  Command Center  
  31  6:56  Refinery, SCV  
  29  7:08  SCV  
  29  7:14  Marine  
  29  7:18  Command Center  
  29  7:20  SCV  
  30  7:28  Refinery  
  30  7:33  SCV  
  31  7:39  Refinery  
  31  7:43  Hellion  
  33  7:45  SCV  
  33  7:57  SCV  
  34  8:09  SCV  
  34  8:11  Viking  
  32  8:21  SCV  
  28  8:33  SCV  
  24  8:35  SCV  
  24  8:40  Hellion  
  27  8:45  SCV  
  28  8:49  SCV  
  29  8:57  SCV  
  30  9:04  SCV  
  30  9:09  Viking  
  33  9:11  SCV  
  34  9:18  SCV  
  28  9:25  SCV  
  12  9:32  SCV  
  12  9:38  Hellion, Raven  
  15  9:40  SCV  
  18  9:47  SCV  
  19  9:54  SCV  
  20  10:01  SCV  
  21  10:08  SCV  
  21  10:15  SCV  
  22  10:21  Viking  
  22  10:23  SCV  
  25  10:30  SCV  
  26  10:37  SCV  
  27  10:44  SCV  
  27  10:48  Marine  
  29  10:51  Raven, SCV  
  32  10:58  SCV  
  33  11:05  SCV  
  33  11:07  Marauder  
  36  11:13  SCV  
  37  11:20  SCV  
  38  11:27  Marine, SCV  
  40  11:34  Medivac, SCV  
  43  11:41  SCV  
  43  11:45  Marine  
  45  11:48  SCV  
  46  11:55  SCV  
  47  12:03  Marine, SCV  
  47  12:04  Medivac  
  51  12:10  SCV  
  52  12:17  SCV  
  52  12:21  Marauder  
  55  12:24  SCV  
  54  12:32  SCV  
  54  12:35  Supply Depot  
  41  12:42  Marine  
  35  12:46  SCV  
Tags
 
Add a new tag
Caveats
  • Supply blocks, unpowered buildings, or Contaminate may cause inaccurate times.
  • Supply counts are checked every 10 seconds.